General information
			
			
        
        - name: BNet
 
        - type: Ladder team game (AT/RT)
 
        - host: Battle.net
 
        - saver: lame.snow
 
        
map: Dragonblight 
        - players: 6
 
        - length: 68:35
 
        - speed: Fast
 - version: 1.22 W3XP
 - replay type:  Public
 
» download(472 KB)
Players
        team 1 (loser) 
              
              
coco-jambo (
orange | 129 APM | 8813 actions | 68:29)
              
 9 Pandaren Brewmaster 
 3 Drunken Haze
 3 Breath of Fire
 1 Storm Earth and Fire
 2 Drunken Brawler
 
                » actions 
                
                | Assign group hotkey | 545 |  | 
| Basic commands | 5 |  | 
| Build / train | 105 |  | 
| Enter build submenu | 89 |  | 
| Enter hero's abilities submenu | 10 |  | 
| Give item / drop item | 7 |  | 
| Remove unit from queue | 2 |  | 
| Right click | 6190 |  | 
| Select / deselect | 638 |  | 
| Select group hotkey | 876 |  | 
| Use ability | 346 |  | 
                8813 total
 » units 
                
                | Wisp | 33 |  | 
| Goblin Zeppelin | 2 |  | 
| Blue Dragon | 3 |  | 
| Chimaera | 3 |  | 
                41 total
 » upgrades
                
                | Ultravision | 1 |  | 
| Nature's Blessing | 1 |  | 
| Well Spring | 1 |  | 
| Sentinel | 1 |  | 
| Backpack | 1 |  | 
| Corrosive Breath | 1 |  | 
| Strength of the Wild | 1 |  | 
                7 total
 » buildings
                
                | Moon Well | 58 |  | 
| Altar of Elders | 1 |  | 
| Ancient of Wonders | 4 |  | 
| Tree of Ages | 3 |  | 
| Hunter's Hall | 1 |  | 
| Ancient of War | 2 |  | 
| Ancient Protector | 4 |  | 
| Tree of Eternity | 3 |  | 
| Ancient of Wind | 2 |  | 
| Chimaera Roost | 6 |  | 
                84 total
 » build order
                00:38 Moon Well
01:06 Moon Well
01:30 Moon Well
01:33 Moon Well
01:53 Altar of Elders
02:00 Moon Well
02:09 Moon Well
02:34 Moon Well
03:04 Moon Well
03:14 Moon Well
03:40 Moon Well
03:49 Moon Well
03:57 Moon Well
04:28 Moon Well
04:32 Moon Well
04:56 Moon Well
05:00 Ancient of Wonders
05:27 Moon Well
05:40 Ancient of Wonders
06:12 Tree of Ages
06:12 Tree of Ages
06:30 Moon Well
06:59 Moon Well
07:03 Hunter's Hall
08:31 Ancient of War
08:32 Ancient of War
08:39 Ancient of Wonders
09:41 Ancient Protector
09:48 Ancient of Wonders
10:17 Moon Well
10:22 Moon Well
10:46 Moon Well
11:01 Moon Well
11:24 Moon Well
11:26 Moon Well
11:41 Moon Well
11:43 Moon Well
12:12 Moon Well
12:14 Moon Well
12:46 Tree of Eternity
12:46 Tree of Eternity
12:46 Tree of Eternity
12:53 Moon Well
12:58 Moon Well
13:10 Ancient Protector
13:17 Moon Well
13:41 Moon Well
13:45 Moon Well
14:32 Moon Well
14:46 Moon Well
15:42 Moon Well
15:55 Moon Well
16:47 Moon Well
18:09 Ancient Protector
18:13 Ancient Protector
18:18 Moon Well
18:20 Moon Well
19:02 Moon Well
19:11 Moon Well
19:12 Moon Well
19:13 Moon Well
19:16 Moon Well
19:19 Moon Well
20:17 Moon Well
20:57 Moon Well
20:59 Moon Well
21:28 Moon Well
21:31 Moon Well
21:45 Moon Well
21:47 Moon Well
21:48 Moon Well
21:50 Moon Well
21:51 Moon Well
21:53 Moon Well
23:57 Moon Well
53:57 Ancient of Wind
54:01 Ancient of Wind
55:34 Chimaera Roost
55:35 Chimaera Roost
55:36 Chimaera Roost
55:38 Chimaera Roost
57:13 Chimaera Roost
57:16 Chimaera Roost
» items
                
                | Potion of Healing | 4 |  | 
| Lesser Clarity Potion | 3 |  | 
| Orb of Lightning | 1 |  | 
| Boots of Speed | 1 |  | 
| Circlet of Nobility | 1 |  | 
| Staff of Teleportation | 3 |  | 
| Anti-magic Potion | 1 |  | 
| Scroll of Town Portal | 12 |  | 
| Potion of Lesser Invulnerability | 2 |  | 
| Potion of Mana | 2 |  | 
                30 total
  
               
              
              
FLicy (
yellow | 78 APM | 5339 actions | 68:26)
              
 9 Blademaster 
 3 Wind Walk
 3 Critical Strike
 1 Bladestorm
 2 Mirror Image
 
                » actions 
                
                | Assign group hotkey | 47 |  | 
| Basic commands | 23 |  | 
| Build / train | 98 |  | 
| ESC pressed | 7 |  | 
| Enter build submenu | 64 |  | 
| Enter hero's abilities submenu | 9 |  | 
| Give item / drop item | 12 |  | 
| Right click | 2721 |  | 
| Select / deselect | 1108 |  | 
| Select group hotkey | 899 |  | 
| Use ability | 351 |  | 
                5339 total
 » units 
                
                | Peon | 22 |  | 
| Troll Batrider | 16 |  | 
| Raider | 6 |  | 
| Demolisher | 1 |  | 
| Grunt | 4 |  | 
| Wind Rider | 1 |  | 
| Tauren | 12 |  | 
                62 total
 » upgrades
                
                | Reinforced Defenses | 1 |  | 
| Spiked Barricades | 1 |  | 
| Ensnare | 1 |  | 
| Pulverize | 1 |  | 
                4 total
 » buildings
                
                | Altar of Storms | 2 |  | 
| Orc Burrow | 7 |  | 
| War Mill | 1 |  | 
| Watch Tower | 32 |  | 
| Stronghold | 2 |  | 
| Beastiary | 2 |  | 
| Fortress | 1 |  | 
| Voodoo Lounge | 2 |  | 
| Great Hall | 2 |  | 
| Barracks | 2 |  | 
| Tauren Totem | 4 |  | 
                57 total
 » build order
                00:04 Altar of Storms
00:19 Orc Burrow
01:08 War Mill
01:39 Orc Burrow
02:23 Watch Tower
02:36 Watch Tower
03:17 Watch Tower
03:57 Watch Tower
04:12 Stronghold
04:20 Watch Tower
04:38 Watch Tower
05:42 Watch Tower
05:58 Stronghold
06:03 Watch Tower
06:07 Watch Tower
06:48 Watch Tower
07:17 Watch Tower
07:52 Watch Tower
08:20 Beastiary
08:20 Beastiary
08:30 Watch Tower
08:35 Watch Tower
09:02 Fortress
09:17 Watch Tower
09:31 Voodoo Lounge
09:51 Orc Burrow
10:39 Watch Tower
10:41 Watch Tower
11:56 Orc Burrow
12:52 Watch Tower
12:54 Watch Tower
13:51 Watch Tower
14:26 Watch Tower
15:29 Watch Tower
15:31 Watch Tower
15:34 Watch Tower
16:07 Watch Tower
16:20 Orc Burrow
16:21 Orc Burrow
16:23 Orc Burrow
18:04 Watch Tower
18:39 Watch Tower
18:41 Watch Tower
18:42 Watch Tower
20:02 Watch Tower
20:04 Watch Tower
20:06 Watch Tower
22:11 Great Hall
48:10 Barracks
48:12 Barracks
51:17 Voodoo Lounge
52:24 Tauren Totem
57:13 Altar of Storms
57:37 Tauren Totem
57:38 Tauren Totem
58:11 Great Hall
62:22 Tauren Totem
» items
                
                | Boots of Speed | 1 |  | 
| Periapt of Vitality | 1 |  | 
| Circlet of Nobility | 2 |  | 
| Staff of Teleportation | 2 |  | 
| Orb of Lightning | 1 |  | 
| Scroll of Town Portal | 6 |  | 
| Tiny Great Hall | 1 |  | 
| Scroll of Speed | 1 |  | 
| Lesser Clarity Potion | 2 |  | 
| Healing Salve | 1 |  | 
                18 total
  
               
              
              
noobie-doobie (
green | 80 APM | 4302 actions | 54:00)
              
 9 Blademaster 
 3 Wind Walk
 3 Critical Strike
 1 Bladestorm
 2 Mirror Image
 
                » actions 
                
                | Assign group hotkey | 46 |  | 
| Basic commands | 6 |  | 
| Build / train | 78 |  | 
| ESC pressed | 2 |  | 
| Enter build submenu | 81 |  | 
| Enter hero's abilities submenu | 9 |  | 
| Give item / drop item | 3 |  | 
| Right click | 2349 |  | 
| Select / deselect | 669 |  | 
| Select group hotkey | 847 |  | 
| Use ability | 212 |  | 
                4302 total
 » units 
                » upgrades
                
                | Spiked Barricades | 3 |  | 
| Reinforced Defenses | 1 |  | 
| Ranged Weapons | 3 |  | 
| Armor | 3 |  | 
                10 total
 » buildings
                
                | Altar of Storms | 1 |  | 
| Orc Burrow | 10 |  | 
| War Mill | 2 |  | 
| Watch Tower | 53 |  | 
| Voodoo Lounge | 2 |  | 
| Stronghold | 1 |  | 
| Beastiary | 5 |  | 
| Fortress | 1 |  | 
| Great Hall | 1 |  | 
                76 total
 » build order
                00:05 Altar of Storms
00:19 Orc Burrow
00:50 War Mill
01:45 Orc Burrow
02:21 Watch Tower
02:43 Watch Tower
02:47 Watch Tower
03:01 Voodoo Lounge
04:04 Watch Tower
04:05 Watch Tower
04:12 Watch Tower
04:14 Stronghold
04:52 Orc Burrow
05:07 Watch Tower
05:09 Watch Tower
05:42 Watch Tower
05:55 Watch Tower
06:00 Voodoo Lounge
06:14 Watch Tower
06:15 Watch Tower
06:35 Beastiary
07:48 Watch Tower
07:49 Watch Tower
07:51 Watch Tower
07:55 Fortress
07:57 Beastiary
08:01 Orc Burrow
09:13 Watch Tower
09:16 Watch Tower
09:17 Watch Tower
10:37 Great Hall
11:00 Watch Tower
11:02 Watch Tower
12:40 Watch Tower
12:42 Watch Tower
13:16 Watch Tower
13:16 Watch Tower
13:38 Watch Tower
13:39 Watch Tower
13:43 Watch Tower
13:49 Watch Tower
14:06 Watch Tower
14:22 Watch Tower
15:01 Watch Tower
15:04 Watch Tower
15:26 Watch Tower
15:27 Watch Tower
15:45 Watch Tower
15:52 Watch Tower
15:53 Watch Tower
16:08 Watch Tower
16:09 Watch Tower
16:12 Orc Burrow
16:13 Orc Burrow
16:27 War Mill
16:32 Watch Tower
16:35 Watch Tower
18:07 Watch Tower
18:46 Watch Tower
19:18 Watch Tower
19:19 Watch Tower
19:21 Watch Tower
19:59 Watch Tower
20:01 Watch Tower
20:02 Watch Tower
22:12 Watch Tower
22:13 Watch Tower
24:32 Beastiary
24:36 Beastiary
25:50 Watch Tower
25:50 Watch Tower
28:22 Beastiary
42:46 Orc Burrow
42:51 Orc Burrow
42:52 Orc Burrow
42:53 Orc Burrow
» items
                
                | Boots of Speed | 1 |  | 
| Staff of Teleportation | 1 |  | 
| Orb of Lightning | 1 |  | 
| Scroll of Speed | 1 |  | 
| Healing Salve | 1 |  | 
| Lesser Clarity Potion | 1 |  | 
| Scroll of Town Portal | 6 |  | 
| Anti-magic Potion | 4 |  | 
| Tiny Great Hall | 1 |  | 
                17 total
  
               team 2 (winner) 
              
              
Iame.snow (
teal | 64 APM | 4403 actions | 68:30)
              
 3 Paladin 
 2 Holy Light
 1 Divine Shield
 
                » actions 
                
                | Basic commands | 23 |  | 
| Build / train | 101 |  | 
| ESC pressed | 2 |  | 
| Enter build submenu | 67 |  | 
| Enter hero's abilities submenu | 3 |  | 
| Remove unit from queue | 2 |  | 
| Right click | 3082 |  | 
| Select / deselect | 997 |  | 
| Use ability | 126 |  | 
                4403 total
 » units 
                
                | Peasant | 10 |  | 
| Rifleman | 11 |  | 
| Flying Machine | 10 |  | 
| Spell Breaker | 19 |  | 
| Priest | 4 |  | 
                54 total
 » upgrades
                
                | Gunpowder | 2 |  | 
| Flak Cannons | 1 |  | 
| Flying Machine Bombs | 1 |  | 
| Plating | 3 |  | 
| Magic Sentry | 1 |  | 
| Swords | 3 |  | 
| Masonry | 3 |  | 
| Priest Training | 2 |  | 
| Control Magic | 1 |  | 
                17 total
 » buildings
                
                | Altar of Kings | 1 |  | 
| Farm | 33 |  | 
| Blacksmith | 1 |  | 
| Barracks | 1 |  | 
| Arcane Vault | 1 |  | 
| Keep | 1 |  | 
| Castle | 1 |  | 
| Workshop | 3 |  | 
| Scout Tower | 41 |  | 
| Arcane Sanctum | 1 |  | 
| Arcane Tower | 21 |  | 
| Lumber Mill | 1 |  | 
                106 total
 » build order
                00:34 Altar of Kings
00:36 Farm
00:51 Blacksmith
01:01 Barracks
01:14 Farm
02:08 Farm
02:48 Farm
02:54 Farm
04:55 Arcane Vault
05:07 Keep
09:26 Castle
09:37 Workshop
12:08 Workshop
12:14 Workshop
15:38 Scout Tower
15:50 Arcane Sanctum
16:19 Arcane Tower
16:37 Scout Tower
17:56 Arcane Tower
17:59 Scout Tower
18:47 Arcane Tower
18:50 Scout Tower
19:03 Farm
19:05 Farm
19:23 Arcane Tower
19:34 Scout Tower
21:41 Arcane Tower
22:32 Scout Tower
22:33 Scout Tower
23:35 Arcane Tower
23:39 Scout Tower
23:40 Scout Tower
25:43 Scout Tower
25:46 Scout Tower
26:24 Arcane Tower
26:31 Arcane Tower
28:15 Scout Tower
28:17 Scout Tower
28:43 Arcane Tower
30:03 Scout Tower
30:05 Scout Tower
30:06 Scout Tower
30:07 Scout Tower
32:35 Arcane Tower
32:45 Arcane Tower
40:14 Scout Tower
40:31 Scout Tower
40:32 Scout Tower
40:33 Scout Tower
40:34 Scout Tower
40:35 Scout Tower
40:37 Scout Tower
40:38 Scout Tower
40:38 Scout Tower
41:01 Lumber Mill
41:26 Arcane Tower
41:54 Scout Tower
41:58 Scout Tower
42:05 Scout Tower
42:16 Arcane Tower
42:44 Arcane Tower
42:48 Scout Tower
42:51 Scout Tower
42:55 Farm
42:57 Farm
42:58 Farm
43:00 Farm
43:10 Farm
43:17 Arcane Tower
43:26 Arcane Tower
43:32 Farm
44:16 Farm
44:18 Farm
44:37 Farm
45:54 Scout Tower
45:54 Scout Tower
45:57 Scout Tower
45:57 Scout Tower
45:59 Scout Tower
46:15 Farm
46:23 Farm
46:25 Farm
46:28 Arcane Tower
46:31 Farm
46:42 Farm
46:45 Farm
46:47 Farm
47:04 Arcane Tower
47:08 Farm
47:16 Farm
47:18 Farm
47:25 Farm
47:28 Farm
47:31 Farm
48:46 Scout Tower
49:03 Arcane Tower
49:46 Arcane Tower
50:31 Farm
50:38 Farm
62:40 Farm
62:47 Farm
63:26 Scout Tower
63:26 Scout Tower
63:27 Scout Tower
63:28 Scout Tower
65:18 Arcane Tower
» items
                 
               
              
              
lame.snow (
red | 91 APM | 6230 actions | 68:35)
              
 9 Tauren Chieftain 
 3 Endurance Aura
 3 War Stomp
 2 Reincarnation
 1 Shockwave
 
                » actions 
                
                | Assign group hotkey | 54 |  | 
| Basic commands | 99 |  | 
| Build / train | 107 |  | 
| ESC pressed | 5 |  | 
| Enter build submenu | 43 |  | 
| Enter hero's abilities submenu | 10 |  | 
| Give item / drop item | 3 |  | 
| Remove unit from queue | 1 |  | 
| Right click | 3048 |  | 
| Select / deselect | 1810 |  | 
| Select group hotkey | 809 |  | 
| Use ability | 241 |  | 
                6230 total
 » units 
                
                | Peon | 24 |  | 
| Grunt | 3 |  | 
| Troll Headhunter/Berserker | 9 |  | 
| Wind Rider | 5 |  | 
| Raider | 14 |  | 
| Blue Dragon | 1 |  | 
| Troll Batrider | 11 |  | 
                67 total
 » upgrades
                
                | Troll Regeneration | 1 |  | 
| Armor | 2 |  | 
| Ranged Weapons | 1 |  | 
| Ensnare | 1 |  | 
| Berserker Upgrade | 1 |  | 
| Spiked Barricades | 2 |  | 
| Liquid Fire | 1 |  | 
                9 total
 » buildings
                
                | Altar of Storms | 2 |  | 
| Orc Burrow | 13 |  | 
| Barracks | 1 |  | 
| War Mill | 1 |  | 
| Stronghold | 1 |  | 
| Watch Tower | 10 |  | 
| Beastiary | 2 |  | 
| Great Hall | 1 |  | 
| Fortress | 1 |  | 
| Voodoo Lounge | 1 |  | 
                33 total
 » build order
                00:02 Altar of Storms
00:07 Orc Burrow
00:42 Barracks
01:19 Orc Burrow
01:34 War Mill
04:05 Stronghold
04:36 Orc Burrow
06:11 Watch Tower
06:48 Beastiary
07:55 Orc Burrow
08:05 Watch Tower
08:10 Watch Tower
08:37 Orc Burrow
10:58 Great Hall
11:11 Watch Tower
11:50 Fortress
13:14 Watch Tower
14:39 Orc Burrow
14:48 Orc Burrow
14:50 Orc Burrow
15:41 Watch Tower
20:28 Watch Tower
20:54 Watch Tower
23:24 Watch Tower
24:13 Watch Tower
27:22 Beastiary
27:57 Voodoo Lounge
32:23 Orc Burrow
32:27 Orc Burrow
32:29 Orc Burrow
38:06 Orc Burrow
38:30 Orc Burrow
40:11 Altar of Storms
» items
                
                | Scroll of Healing | 1 |  | 
| Dust of Appearance | 1 |  | 
| Boots of Speed | 1 |  | 
| Scroll of Town Portal | 1 |  | 
| Healing Salve | 1 |  | 
| Orb of Lightning | 1 |  | 
| Staff of Teleportation | 1 |  | 
                7 total
  
               
              
              
larne.snow (
blue | 38 APM | 2588 actions | 68:30)
              
 7 Priestess of the Moon 
 3 Trueshot Aura
 3 Searing Arrows
 1 Starfall
 
                » actions 
                
                | Assign group hotkey | 16 |  | 
| Basic commands | 97 |  | 
| Build / train | 66 |  | 
| Enter build submenu | 20 |  | 
| Enter hero's abilities submenu | 7 |  | 
| Give item / drop item | 1 |  | 
| Right click | 1793 |  | 
| Select / deselect | 414 |  | 
| Select group hotkey | 119 |  | 
| Use ability | 55 |  | 
                2588 total
 » units 
                
                | Wisp | 22 |  | 
| Huntress | 7 |  | 
| Chimaera | 12 |  | 
                41 total
 » upgrades
                
                | Ultravision | 1 |  | 
| Sentinel | 1 |  | 
| Upgrade Moon Glaive | 1 |  | 
| Strength of the Wild | 3 |  | 
| Reinforced Hides | 3 |  | 
| Corrosive Breath | 1 |  | 
| Well Spring | 1 |  | 
| Nature's Blessing | 1 |  | 
                12 total
 » buildings
                
                | Altar of Elders | 2 |  | 
| Moon Well | 8 |  | 
| Ancient of War | 2 |  | 
| Hunter's Hall | 1 |  | 
| Tree of Ages | 1 |  | 
| Tree of Life | 1 |  | 
| Tree of Eternity | 1 |  | 
| Ancient of Wind | 1 |  | 
| Chimaera Roost | 2 |  | 
| Ancient of Wonders | 1 |  | 
                20 total
 » build order
                00:05 Altar of Elders
00:23 Moon Well
01:38 Ancient of War
01:42 Hunter's Hall
02:02 Ancient of War
02:16 Moon Well
02:29 Moon Well
06:27 Moon Well
06:28 Moon Well
06:53 Tree of Ages
07:03 Tree of Life
08:05 Moon Well
09:24 Tree of Eternity
11:25 Ancient of Wind
12:59 Chimaera Roost
13:00 Chimaera Roost
17:54 Ancient of Wonders
57:00 Altar of Elders
57:45 Moon Well
57:47 Moon Well
» items
                
                | Scroll of Town Portal | 2 |  | 
| Dust of Appearance | 1 |  | 
                3 total
  
                Chat log
          (00:25 / All) FLicy: HITLER WAS A GREAT MAN
(00:31 / All) larne.snow: we know
(00:35 / All) FLicy: SIEG HEIL IHR DRECKIGEN JUDEN CIH FECKE EURE OMAS
(00:36 / All) FLicy: LOL
(00:54 / All) FLicy: SNOW
(00:58 / All) FLicy: BISTN FUCKERSCHWEIN
(01:01 / All) larne.snow: LAME
(02:50 / Allies) lame.snow: 1...
(02:53 / All) FLicy: LOL
(02:54 / All) noobie-doobie: LOOOOL
(02:57 / All) FLicy: UNDERHUAMAN
(03:24 / All) FLicy: BANG BANG
(04:04 / All) FLicy: NICE MOVE NIGGER
(04:06 / All) FLicy: ;)
(04:31 / All) FLicy: i am gyspy catcher
(04:32 / All) FLicy: ?
(07:16 / All) noobie-doobie: good job
(07:18 / All) Iame.snow: mh?
(07:20 / All) Iame.snow: O.o
(07:21 / All) lame.snow: good hack
(07:24 / All) FLicy: YOU SEEM TO BE
(07:30 / All) FLicy: A PROFESSIOANL CLAN WAR GAMER
(09:06 / All) lame.snow: u seem to be
(09:09 / All) lame.snow: VERY
(09:14 / All) lame.snow: professional
(09:20 / All) noobie-doobie: VERY DESKTOP
(09:22 / All) noobie-doobie: YES
(20:38 / All) noobie-doobie: gyrocopter are good vs lvl 5 panda
(20:45 / All) noobie-doobie: somebody told me
(25:16 / All) lame.snow: FU
(34:16 / All) lame.snow: OMFG
(34:19 / All) lame.snow: DELAY
(34:28 / All) noobie-doobie: OMFG
(36:03 / All) FLicy: Dont you wanan reapair it
(36:47 / All) lame.snow: gratz
(36:50 / All) lame.snow: you can win in 3 hours
(36:52 / All) lame.snow: with maphack on
(36:56 / All) noobie-doobie: rofl
(36:59 / All) lame.snow: i´d be proyud
(37:04 / All) FLicy: yea pls report it
(37:05 / All) FLicy: LOL
(37:11 / All) FLicy: warden save maphack here
(37:14 / All) FLicy: 8)
(37:18 / All) lame.snow: sure
(37:20 / All) lame.snow: that´s why u hack
(37:25 / All) FLicy: WE MAPHACP LIKE MAPHACKERS
(37:41 / All) lame.snow: OMFG
(37:43 / All) lame.snow: DELAY
(37:43 / All) lame.snow: FFS
(37:49 / All) FLicy: newbie boy
(37:51 / All) FLicy: 8)
(37:52 / All) noobie-doobie: rofl
(37:52 / All) lame.snow: sure
(37:56 / All) lame.snow: remake garena=
(37:58 / All) noobie-doobie: 888888))))))))))
(37:59 / All) lame.snow: ?
(38:01 / All) lame.snow: no hacks
(38:02 / All) lame.snow: no delay
(38:04 / All) lame.snow: gg for u?
(38:06 / All) FLicy: LOL
(38:09 / All) noobie-doobie: what is gg arena ?
(38:11 / All) FLicy: we can make 1on1
(38:13 / All) FLicy: 8)
(38:18 / All) FLicy: MAPHAC
(38:19 / All) FLicy: ALAM
(40:09 / All) FLicy: 1on1 Garena ?
(40:10 / All) FLicy: LOLS
(40:13 / All) lame.snow: sure
(40:14 / All) FLicy: I FUCK YOU
(40:16 / All) FLicy: I AM A FUCKER
(40:19 / All) lame.snow: sure
(40:21 / All) lame.snow: u're a hacker
(40:25 / All) lame.snow: u cant play on garena
(40:28 / All) Iame.snow: yeah you fuck hitler : /
(40:40 / All) FLicy: YOU SUCK HArd newbie boys
(40:41 / All) FLicy: 8)
(40:44 / All) lame.snow: sure
(41:12 / All) noobie-doobie:  u are erally good gamers
(41:16 / All) lame.snow: u 2
(41:35 / All) noobie-doobie: this raider stomp crap was good
(41:47 / All) noobie-doobie: never countered that well before
(41:53 / All) FLicy: but maphack made us win the game
(41:54 / All) FLicy: :D
(41:55 / All) noobie-doobie: LOL!
(41:58 / All) lame.snow: yeah
(42:00 / All) noobie-doobie: yes
(42:03 / All) lame.snow: np
(42:15 / All) lame.snow: your mommy will be proud, right?
(42:56 / All) FLicy: hard flame
(43:45 / All) FLicy: MH
(43:47 / All) FLicy: KIK
(43:49 / All) FLicy: JUJ
(46:09 / All) Iame.snow: smart move panda
(46:16 / All) lame.snow: `gratz
(47:22 / All) larne.snow: nice greathall
(47:35 / All) FLicy: NICE MAPHAACK
(47:44 / All) larne.snow: nice sentinal birds you mean
(47:54 / All) FLicy: ARE YOU THE JOKE MASTER
(47:55 / All) FLicy: ?
(48:09 / All) larne.snow: no i'm a night elf with huntress army
(48:36 / All) noobie-doobie: ROFLW
(53:52 / All) FLicy: heil hitelr
(53:53 / All) FLicy: LOL
(54:05 / All) larne.snow: ,,
(54:07 / Allies) lame.snow: \x
(54:09 / All) lame.snow: xD
(54:14 / All) Iame.snow: not used to all long game?
(56:10 / All) coco-jambo: ja
(61:19 / All) lame.snow: one shot one kil
(63:00 / All) Iame.snow: and who said gyros weren't good?
(66:51 / All) lame.snow: ty for heaol
(67:12 / All) FLicy: sieg heiL
(67:13 / All) FLicy: LOL